General information
- name: BNet
- type: Ladder team game (AT/RT)
- host: Battle.net
- saver: IM_BAD_AT_THIS
map: MarketSquare
- players: 8
- length: 68:44
- speed: Fast
- version: 1.24 W3XP
- replay type: Public
» download(378 KB)
Players
team 1 (loser)
Zelenka (
red | 74 APM | 5071 actions | 68:44)
6 Death Knight
3 Death Coil
2 Unholy Aura
1 Animate Dead
6 Dark Ranger
3 Life Drain
2 Silence
1 Charm
4 Lich
2 Frost Nova
2 Frost Armor
1 Warden
1 Fan of Knives
» actions
| Assign group hotkey | 55 | |
| Basic commands | 242 | |
| Build / train | 135 | |
| ESC pressed | 1 | |
| Enter build submenu | 43 | |
| Enter hero's abilities submenu | 18 | |
| Give item / drop item | 9 | |
| Remove unit from queue | 22 | |
| Right click | 2157 | |
| Select / deselect | 1078 | |
| Select group hotkey | 1114 | |
| Use ability | 197 | |
5071 total
» units
| Acolyte | 5 | |
| Ghoul | 5 | |
| Crypt Fiend | 14 | |
| Obsidian Statue | 5 | |
| Archer | 23 | |
| Wisp | 8 | |
| Meatwagon | 2 | |
62 total
» upgrades
| Creature Attack | 3 | |
| Creature Carapace | 2 | |
| Web | 1 | |
| Burrow | 1 | |
| Destroyer Form | 1 | |
| Ghoul Frenzy | 1 | |
| Freezing Breath | 1 | |
| Improved Bows | 1 | |
11 total
» buildings
| Graveyard | 1 | |
| Crypt | 1 | |
| Ziggurat | 12 | |
| Altar of Darkness | 3 | |
| Tomb of Relics | 1 | |
| Nerubian Tower | 2 | |
| Halls of the Dead | 1 | |
| Black Citadel | 1 | |
| Slaughterhouse | 1 | |
| Spirit Tower | 7 | |
| Sacrificial Pit | 1 | |
| Boneyard | 2 | |
| Tree of Life | 1 | |
| Ancient of Wonders | 1 | |
| Moon Well | 8 | |
| Tree of Ages | 1 | |
| Ancient of War | 3 | |
| Hunter's Hall | 1 | |
48 total
» build order
00:06 Graveyard
00:13 Crypt
00:29 Ziggurat
00:49 Altar of Darkness
00:53 Altar of Darkness
01:04 Tomb of Relics
01:33 Ziggurat
02:10 Nerubian Tower
02:42 Nerubian Tower
02:46 Nerubian Tower
04:27 Halls of the Dead
04:33 Ziggurat
05:23 Ziggurat
05:47 Ziggurat
07:27 Black Citadel
07:37 Slaughterhouse
10:54 Ziggurat
10:59 Ziggurat
11:02 Spirit Tower
12:35 Spirit Tower
12:40 Ziggurat
12:41 Ziggurat
13:54 Sacrificial Pit
13:58 Spirit Tower
13:59 Ziggurat
14:03 Ziggurat
15:22 Spirit Tower
15:28 Spirit Tower
16:26 Boneyard
16:28 Boneyard
21:37 Spirit Tower
21:39 Spirit Tower
25:59 Ziggurat
28:38 Tree of Life
29:30 Ancient of Wonders
33:35 Moon Well
33:38 Moon Well
33:43 Moon Well
33:48 Tree of Ages
42:20 Altar of Darkness
52:27 Ancient of War
52:42 Hunter's Hall
52:54 Moon Well
52:56 Moon Well
52:57 Moon Well
54:20 Ancient of War
54:24 Ancient of War
54:32 Moon Well
54:34 Moon Well
» items
| Rod of Necromancy | 1 | |
| Scroll of Town Portal | 5 | |
| Orb of Corruption | 1 | |
| Staff of Teleportation | 1 | |
8 total

»
iLOVe2LOSehApPy (
blue | 73 APM | 1521 actions | 20:54)
4 Warden
2 Fan of Knives
1 Shadow Strike
1 Blink
3 Beastmaster
1 Summon Bear
1 Summon Quilbeast
1 Summon Hawk
» actions
| Assign group hotkey | 44 | |
| Basic commands | 19 | |
| Build / train | 259 | |
| Enter build submenu | 32 | |
| Enter hero's abilities submenu | 7 | |
| Give item / drop item | 4 | |
| Remove unit from queue | 4 | |
| Right click | 488 | |
| Select / deselect | 286 | |
| Select group hotkey | 261 | |
| Use ability | 117 | |
1521 total
» units
| Wisp | 66 | |
| Archer | 41 | |
| Forest Troll High Priest | 7 | |
| Hippogryph | 14 | |
128 total
» upgrades
| Improved Bows | 1 | |
| Strength of the Moon | 3 | |
| Moon Armor | 2 | |
| Marksmanship | 1 | |
| Reinforced Hides | 4 | |
| Strength of the Wild | 1 | |
12 total
» buildings
| Ancient of War | 2 | |
| Moon Well | 10 | |
| Altar of Elders | 1 | |
| Ancient of Wonders | 1 | |
| Tree of Ages | 5 | |
| Hunter's Hall | 1 | |
| Tree of Life | 1 | |
| Ancient Protector | 9 | |
| Tree of Eternity | 3 | |
| Ancient of Wind | 3 | |
36 total
» build order
00:47 Ancient of War
00:55 Moon Well
01:08 Moon Well
01:34 Altar of Elders
01:46 Ancient of Wonders
02:16 Moon Well
03:25 Moon Well
04:05 Moon Well
04:36 Moon Well
04:42 Moon Well
05:20 Tree of Ages
05:20 Tree of Ages
05:20 Tree of Ages
05:29 Ancient of War
06:34 Hunter's Hall
07:42 Tree of Life
08:02 Ancient Protector
08:08 Ancient Protector
08:10 Ancient Protector
08:43 Moon Well
09:38 Moon Well
10:18 Ancient Protector
10:59 Tree of Eternity
11:00 Tree of Eternity
11:03 Ancient Protector
11:17 Ancient Protector
11:50 Ancient Protector
16:09 Ancient Protector
16:25 Ancient of Wind
16:27 Ancient of Wind
16:29 Ancient of Wind
16:33 Ancient Protector
16:38 Moon Well
» items
| Dust of Appearance | 12 | |
| Moonstone | 10 | |
| Scroll of Town Portal | 3 | |
| Potion of Lesser Invulnerability | 5 | |
| Scroll of Healing | 3 | |
| Potion of Invisibility | 1 | |
34 total

»
Oblivionxi (
yellow | 23 APM | 1565 actions | 68:44)
4 Death Knight
2 Death Coil
2 Unholy Aura
1 Archmage
1 Summon Water Elemental
» actions
| Basic commands | 1 | |
| Build / train | 96 | |
| Enter build submenu | 58 | |
| Enter hero's abilities submenu | 5 | |
| Remove unit from queue | 1 | |
| Right click | 790 | |
| Select / deselect | 539 | |
| Use ability | 75 | |
1565 total
» units
| Acolyte | 9 | |
| Ghoul | 15 | |
| Banshee | 4 | |
| Frost Wyrm | 10 | |
| Hippogryph | 5 | |
| Wisp | 9 | |
52 total
» upgrades
| Creature Attack | 3 | |
| Creature Carapace | 3 | |
| Banshee Training | 2 | |
| Freezing Breath | 1 | |
| Magic Sentry | 1 | |
10 total
» buildings
| Altar of Darkness | 1 | |
| Ziggurat | 12 | |
| Crypt | 1 | |
| Graveyard | 2 | |
| Tomb of Relics | 1 | |
| Nerubian Tower | 1 | |
| Halls of the Dead | 1 | |
| Sacrificial Pit | 1 | |
| Temple of the Damned | 1 | |
| Black Citadel | 2 | |
| Spirit Tower | 4 | |
| Boneyard | 3 | |
| Town Hall | 1 | |
| Altar of Kings | 1 | |
| Keep | 1 | |
| Scout Tower | 14 | |
| Lumber Mill | 1 | |
| Guard Tower | 15 | |
| Arcane Sanctum | 1 | |
| Tree of Life | 1 | |
| Hunter's Hall | 1 | |
| Ancient Protector | 8 | |
74 total
» build order
00:31 Altar of Darkness
00:40 Ziggurat
00:48 Crypt
01:13 Ziggurat
01:29 Graveyard
02:23 Tomb of Relics
02:48 Nerubian Tower
03:39 Halls of the Dead
03:47 Graveyard
04:31 Ziggurat
05:03 Ziggurat
05:10 Ziggurat
05:42 Ziggurat
06:06 Sacrificial Pit
06:13 Temple of the Damned
06:25 Black Citadel
06:25 Black Citadel
06:49 Ziggurat
06:59 Ziggurat
07:12 Ziggurat
07:51 Spirit Tower
08:50 Boneyard
08:54 Boneyard
14:27 Spirit Tower
17:43 Town Hall
19:12 Spirit Tower
20:31 Boneyard
21:41 Altar of Kings
21:50 Keep
22:51 Scout Tower
23:24 Ziggurat
23:29 Scout Tower
23:41 Lumber Mill
23:56 Ziggurat
24:31 Ziggurat
25:33 Guard Tower
25:50 Spirit Tower
25:59 Scout Tower
26:01 Guard Tower
26:32 Arcane Sanctum
26:38 Guard Tower
26:38 Guard Tower
27:59 Scout Tower
28:34 Guard Tower
28:39 Scout Tower
29:15 Scout Tower
29:17 Guard Tower
29:42 Scout Tower
29:43 Guard Tower
31:22 Guard Tower
31:26 Scout Tower
32:06 Scout Tower
32:07 Guard Tower
32:26 Tree of Life
33:26 Guard Tower
33:30 Scout Tower
34:59 Guard Tower
35:03 Scout Tower
35:27 Hunter's Hall
35:55 Guard Tower
36:37 Ancient Protector
36:42 Ancient Protector
36:46 Ancient Protector
37:10 Ancient Protector
37:25 Scout Tower
37:38 Ancient Protector
38:08 Guard Tower
38:50 Scout Tower
39:00 Ancient Protector
39:03 Ancient Protector
39:09 Ancient Protector
40:41 Guard Tower
40:50 Scout Tower
42:26 Guard Tower
» items
laxpacker32 (
teal | 19 APM | 419 actions | 22:02)
3 Demon Hunter
2 Immolation
1 Evasion
» actions
| Basic commands | 13 | |
| Build / train | 55 | |
| Enter build submenu | 15 | |
| Enter hero's abilities submenu | 3 | |
| Remove unit from queue | 1 | |
| Right click | 119 | |
| Select / deselect | 187 | |
| Use ability | 26 | |
419 total
» units
| Wisp | 23 | |
| Archer | 12 | |
| Hippogryph | 8 | |
43 total
» upgrades
| Strength of the Moon | 2 | |
| Moon Armor | 2 | |
| Hippogryph Taming | 1 | |
5 total
» buildings
| Altar of Elders | 1 | |
| Ancient of War | 2 | |
| Moon Well | 5 | |
| Hunter's Hall | 1 | |
| Tree of Ages | 1 | |
| Ancient of Wind | 2 | |
| Tree of Eternity | 1 | |
| Tree of Life | 2 | |
| Ancient Protector | 1 | |
16 total
» build order
00:09 Altar of Elders
00:13 Ancient of War
00:19 Moon Well
02:26 Hunter's Hall
03:20 Tree of Ages
03:31 Moon Well
05:43 Ancient of Wind
07:28 Ancient of Wind
07:48 Moon Well
11:03 Moon Well
11:27 Ancient of War
12:28 Moon Well
12:34 Tree of Eternity
15:55 Tree of Life
18:53 Tree of Life
21:39 Ancient Protector
team 2 (winner)
Instruction (
orange | 27 APM | 1678 actions | 61:44)
6 Dark Ranger
3 Black Arrow
2 Silence
1 Charm
5 Priestess of the Moon
3 Trueshot Aura
1 Scout
1 Searing Arrows
5 Keeper of the Grove
3 Force of Nature
1 Entangling Roots
1 Thorns Aura
» actions
| Assign group hotkey | 46 | |
| Basic commands | 179 | |
| Build / train | 122 | |
| ESC pressed | 10 | |
| Enter build submenu | 24 | |
| Enter hero's abilities submenu | 16 | |
| Give item / drop item | 9 | |
| Right click | 492 | |
| Select / deselect | 400 | |
| Select group hotkey | 263 | |
| Use ability | 117 | |
1678 total
» units
| Wisp | 29 | |
| Archer | 6 | |
| Dryad | 4 | |
| Hippogryph | 2 | |
| Druid of the Talon | 4 | |
| Druid of the Claw | 3 | |
| Mountain Giant | 1 | |
49 total
» upgrades
| Improved Bows | 1 | |
| Strength of the Moon | 3 | |
| Strength of the Wild | 3 | |
| Nature's Blessing | 2 | |
| Abolish Magic | 1 | |
| Hippogryph Taming | 1 | |
| Druid of the Talon Training | 2 | |
| Ultravision | 1 | |
| Druid of the Claw Training | 2 | |
| Reinforced Hides | 3 | |
| Marksmanship | 1 | |
| Mark of the Claw | 1 | |
| Mark of the Talon | 1 | |
| Hardened Skin | 1 | |
| Resistant Skin | 1 | |
| Moon Armor | 1 | |
25 total
» buildings
| Moon Well | 8 | |
| Ancient of War | 1 | |
| Altar of Elders | 1 | |
| Tree of Ages | 1 | |
| Tree of Life | 4 | |
| Hunter's Hall | 2 | |
| Tree of Eternity | 1 | |
| Ancient Protector | 10 | |
| Ancient of Lore | 3 | |
| Ancient of Wind | 2 | |
| Ancient of Wonders | 1 | |
34 total
» build order
00:26 Moon Well
00:39 Ancient of War
01:27 Moon Well
01:33 Altar of Elders
02:20 Moon Well
04:23 Tree of Ages
04:56 Tree of Life
05:39 Hunter's Hall
05:42 Moon Well
06:48 Tree of Eternity
09:21 Ancient Protector
09:46 Ancient of Lore
09:48 Ancient of Lore
09:49 Ancient of Lore
09:52 Ancient of Wind
09:54 Ancient of Wind
09:57 Ancient of Wonders
09:59 Moon Well
10:51 Hunter's Hall
13:50 Moon Well
13:53 Moon Well
18:03 Moon Well
18:54 Ancient Protector
18:55 Ancient Protector
20:15 Tree of Life
23:45 Ancient Protector
23:45 Ancient Protector
23:46 Ancient Protector
30:16 Tree of Life
30:18 Ancient Protector
30:19 Ancient Protector
30:20 Ancient Protector
31:17 Ancient Protector
45:38 Tree of Life
» items
| Scroll of Town Portal | 6 | |
| Potion of Lesser Invulnerability | 8 | |
| Scroll of Protection | 1 | |
| Boots of Speed | 3 | |
| Periapt of Vitality | 3 | |
| Circlet of Nobility | 1 | |
| Scroll of Healing | 4 | |
| Staff of Teleportation | 1 | |
27 total
eourwpurerw (
pink | 64 APM | 4413 actions | 68:44)
8 Archmage
3 Summon Water Elemental
3 Brilliance Aura
2 Mass Teleport
6 Mountain King
3 Storm Bolt
3 Bash
6 Paladin
3 Holy Light
3 Divine Shield
» actions
| Assign group hotkey | 62 | |
| Basic commands | 204 | |
| Build / train | 163 | |
| Enter build submenu | 55 | |
| Enter hero's abilities submenu | 25 | |
| Give item / drop item | 14 | |
| Remove unit from queue | 3 | |
| Right click | 1306 | |
| Select / deselect | 778 | |
| Select group hotkey | 1448 | |
| Use ability | 355 | |
4413 total
» units
| Peasant | 36 | |
| Footman | 3 | |
| Gryphon Rider | 3 | |
42 total
» upgrades
| Swords | 3 | |
| Armor | 4 | |
| Masonry | 3 | |
| Lumber Harvesting | 2 | |
| Animal War Training | 1 | |
| Magic Sentry | 1 | |
| Storm Hammers | 1 | |
| Cloud | 1 | |
16 total
» buildings
| Altar of Kings | 2 | |
| Farm | 7 | |
| Lumber Mill | 1 | |
| Barracks | 1 | |
| Scout Tower | 160 | |
| Arcane Tower | 1 | |
| Town Hall | 7 | |
| Keep | 1 | |
| Blacksmith | 1 | |
| Guard Tower | 36 | |
| Castle | 1 | |
| Arcane Vault | 1 | |
| Arcane Sanctum | 1 | |
| Gryphon Aviary | 2 | |
222 total
» build order
00:31 Altar of Kings
00:38 Farm
00:40 Altar of Kings
00:54 Lumber Mill
01:04 Farm
01:09 Barracks
01:54 Farm
02:04 Scout Tower
02:37 Farm
02:38 Arcane Tower
03:54 Town Hall
05:13 Town Hall
05:45 Keep
06:07 Blacksmith
06:57 Scout Tower
06:58 Scout Tower
06:58 Scout Tower
06:59 Scout Tower
06:59 Scout Tower
07:24 Scout Tower
07:25 Scout Tower
07:26 Scout Tower
07:27 Scout Tower
07:27 Scout Tower
07:28 Scout Tower
07:30 Scout Tower
07:32 Farm
07:33 Farm
07:34 Farm
07:46 Guard Tower
07:52 Scout Tower
07:53 Scout Tower
07:54 Scout Tower
07:54 Scout Tower
07:55 Scout Tower
07:56 Scout Tower
08:01 Guard Tower
08:20 Guard Tower
08:26 Guard Tower
08:50 Guard Tower
08:52 Guard Tower
09:00 Guard Tower
09:08 Guard Tower
09:20 Guard Tower
09:32 Castle
09:49 Guard Tower
09:53 Scout Tower
09:54 Scout Tower
09:54 Scout Tower
10:13 Scout Tower
10:14 Scout Tower
10:15 Scout Tower
10:16 Scout Tower
10:18 Scout Tower
10:18 Scout Tower
10:19 Scout Tower
10:22 Scout Tower
10:23 Scout Tower
10:23 Scout Tower
10:24 Scout Tower
10:25 Scout Tower
10:26 Scout Tower
10:26 Scout Tower
10:27 Scout Tower
11:28 Guard Tower
11:32 Scout Tower
11:33 Scout Tower
11:33 Scout Tower
11:35 Scout Tower
11:35 Scout Tower
11:36 Scout Tower
11:36 Scout Tower
11:37 Scout Tower
11:37 Scout Tower
11:38 Scout Tower
11:39 Scout Tower
11:39 Scout Tower
11:40 Scout Tower
11:58 Guard Tower
12:18 Arcane Vault
12:30 Guard Tower
12:34 Scout Tower
12:35 Scout Tower
12:35 Scout Tower
12:36 Scout Tower
13:04 Guard Tower
13:23 Arcane Sanctum
13:26 Gryphon Aviary
14:00 Guard Tower
14:14 Guard Tower
14:50 Gryphon Aviary
15:07 Scout Tower
15:07 Scout Tower
15:09 Scout Tower
16:09 Scout Tower
16:09 Scout Tower
16:10 Scout Tower
16:12 Scout Tower
16:12 Scout Tower
16:13 Scout Tower
16:14 Scout Tower
16:14 Scout Tower
16:15 Scout Tower
16:16 Scout Tower
16:16 Scout Tower
16:17 Scout Tower
16:18 Scout Tower
16:21 Scout Tower
16:22 Scout Tower
16:23 Scout Tower
16:23 Scout Tower
16:24 Scout Tower
16:24 Scout Tower
16:26 Scout Tower
16:27 Scout Tower
16:29 Scout Tower
16:30 Scout Tower
16:38 Guard Tower
16:39 Guard Tower
16:42 Scout Tower
16:42 Scout Tower
16:43 Scout Tower
16:44 Scout Tower
16:45 Scout Tower
16:46 Scout Tower
16:54 Guard Tower
17:04 Scout Tower
17:05 Scout Tower
17:08 Scout Tower
17:09 Scout Tower
17:54 Guard Tower
18:12 Guard Tower
19:35 Guard Tower
19:48 Scout Tower
19:49 Scout Tower
19:50 Scout Tower
20:02 Scout Tower
20:04 Scout Tower
20:05 Scout Tower
20:06 Scout Tower
20:07 Scout Tower
20:07 Scout Tower
20:09 Scout Tower
20:09 Scout Tower
20:11 Scout Tower
20:11 Scout Tower
20:13 Scout Tower
20:25 Guard Tower
20:26 Guard Tower
20:29 Scout Tower
20:30 Scout Tower
20:31 Scout Tower
20:31 Scout Tower
20:32 Scout Tower
20:33 Scout Tower
21:09 Guard Tower
21:14 Guard Tower
21:37 Guard Tower
21:39 Scout Tower
21:39 Scout Tower
21:40 Scout Tower
21:40 Scout Tower
21:42 Scout Tower
21:43 Scout Tower
21:44 Scout Tower
21:44 Scout Tower
21:45 Scout Tower
21:45 Scout Tower
21:58 Scout Tower
21:58 Scout Tower
21:59 Scout Tower
22:04 Scout Tower
22:05 Scout Tower
22:06 Scout Tower
22:15 Guard Tower
22:24 Guard Tower
22:41 Scout Tower
22:41 Scout Tower
22:42 Scout Tower
22:42 Scout Tower
22:44 Scout Tower
22:44 Scout Tower
22:45 Scout Tower
22:46 Scout Tower
22:46 Scout Tower
22:47 Scout Tower
22:48 Scout Tower
22:49 Scout Tower
22:50 Scout Tower
22:50 Scout Tower
22:50 Scout Tower
23:55 Guard Tower
25:19 Guard Tower
25:20 Guard Tower
27:43 Guard Tower
31:44 Scout Tower
31:45 Scout Tower
31:45 Scout Tower
34:13 Guard Tower
37:19 Town Hall
38:04 Scout Tower
38:04 Scout Tower
38:05 Scout Tower
38:06 Scout Tower
38:07 Scout Tower
38:08 Scout Tower
38:14 Scout Tower
38:15 Scout Tower
38:16 Scout Tower
38:17 Scout Tower
38:18 Scout Tower
38:22 Scout Tower
38:23 Scout Tower
38:23 Scout Tower
38:24 Scout Tower
38:25 Scout Tower
38:34 Town Hall
40:07 Guard Tower
40:25 Guard Tower
40:51 Town Hall
53:55 Town Hall
63:14 Town Hall
» items
| Boots of Speed | 6 | |
| Periapt of Vitality | 9 | |
| Circlet of Nobility | 6 | |
| Orb of Lightning | 5 | |
| Orb of Venom | 1 | |
| Tiny Great Hall | 1 | |
| Staff of Teleportation | 7 | |
35 total
3er5yuhji (
green | 20 APM | 1345 actions | 68:44)
2 Archmage
2 Summon Water Elemental
3 Mountain King
2 Storm Bolt
1 Bash
2 Paladin
2 Holy Light
» actions
| Assign group hotkey | 35 | |
| Basic commands | 34 | |
| Build / train | 105 | |
| Enter build submenu | 32 | |
| Enter hero's abilities submenu | 9 | |
| Remove unit from queue | 3 | |
| Right click | 610 | |
| Select / deselect | 422 | |
| Select group hotkey | 27 | |
| Use ability | 68 | |
1345 total
» units
» upgrades
| Masonry | 3 | |
| Lumber Harvesting | 2 | |
| Gunpowder | 0 | |
| Swords | 3 | |
| Animal War Training | 1 | |
| Storm Hammers | 1 | |
| Armor | 3 | |
13 total
» buildings
| Altar of Kings | 1 | |
| Farm | 14 | |
| Lumber Mill | 1 | |
| Scout Tower | 41 | |
| Guard Tower | 26 | |
| Keep | 1 | |
| Castle | 1 | |
| Town Hall | 2 | |
| Blacksmith | 1 | |
| Barracks | 1 | |
| Gryphon Aviary | 2 | |
91 total
» build order
00:19 Altar of Kings
00:32 Farm
00:32 Farm
01:33 Lumber Mill
02:06 Scout Tower
02:08 Scout Tower
02:09 Scout Tower
02:41 Scout Tower
02:43 Scout Tower
02:56 Farm
03:04 Farm
03:07 Farm
03:11 Guard Tower
03:21 Keep
03:32 Guard Tower
03:42 Guard Tower
04:24 Scout Tower
04:27 Scout Tower
04:29 Scout Tower
04:35 Farm
04:36 Farm
04:37 Farm
04:40 Farm
04:52 Guard Tower
05:26 Guard Tower
05:37 Scout Tower
05:44 Castle
06:46 Guard Tower
06:50 Guard Tower
07:25 Scout Tower
07:27 Scout Tower
08:32 Guard Tower
09:51 Town Hall
10:03 Scout Tower
10:04 Scout Tower
10:51 Farm
11:00 Scout Tower
11:02 Scout Tower
11:04 Scout Tower
11:06 Scout Tower
11:13 Scout Tower
11:15 Scout Tower
11:16 Scout Tower
11:26 Guard Tower
11:59 Blacksmith
12:08 Barracks
12:34 Guard Tower
12:34 Guard Tower
13:02 Guard Tower
13:42 Guard Tower
14:25 Guard Tower
14:37 Gryphon Aviary
15:08 Scout Tower
15:10 Scout Tower
15:11 Scout Tower
15:12 Scout Tower
15:14 Scout Tower
15:18 Scout Tower
15:59 Gryphon Aviary
17:24 Scout Tower
18:04 Scout Tower
18:05 Scout Tower
18:06 Scout Tower
18:18 Scout Tower
18:19 Scout Tower
18:39 Guard Tower
19:00 Guard Tower
19:04 Guard Tower
19:05 Guard Tower
19:18 Guard Tower
19:36 Scout Tower
19:37 Scout Tower
19:38 Scout Tower
19:41 Scout Tower
19:42 Scout Tower
19:43 Scout Tower
19:46 Scout Tower
19:47 Scout Tower
19:48 Scout Tower
20:10 Guard Tower
20:11 Guard Tower
20:32 Guard Tower
20:54 Guard Tower
21:53 Guard Tower
22:17 Guard Tower
29:39 Town Hall
40:13 Farm
40:13 Farm
49:02 Farm
49:04 Farm
IM_BAD_AT_THIS (
purple | 63 APM | 4349 actions | 68:44)
7 Blademaster
3 Wind Walk
3 Critical Strike
1 Bladestorm
» actions
| Assign group hotkey | 111 | |
| Build / train | 106 | |
| Enter build submenu | 38 | |
| Enter hero's abilities submenu | 7 | |
| Give item / drop item | 4 | |
| Remove unit from queue | 13 | |
| Right click | 2511 | |
| Select / deselect | 689 | |
| Select group hotkey | 668 | |
| Use ability | 201 | |
4349 total
» units
| Peon | 9 | |
| Wind Rider | -1 | |
| Troll Batrider | 30 | |
| Demolisher | 12 | |
50 total
» upgrades
| Armor | 3 | |
| Ranged Weapons | 3 | |
| Troll Regeneration | 1 | |
| Liquid Fire | 1 | |
| Reinforced Defenses | 1 | |
| Burning Oil | 1 | |
10 total
» buildings
| Altar of Storms | 1 | |
| Orc Burrow | 4 | |
| Barracks | 2 | |
| War Mill | 2 | |
| Voodoo Lounge | 1 | |
| Stronghold | 1 | |
| Watch Tower | 21 | |
| Beastiary | 2 | |
| Great Hall | 3 | |
| Fortress | 1 | |
38 total
» build order
00:22 Altar of Storms
00:48 Orc Burrow
01:30 Barracks
02:03 War Mill
02:18 Orc Burrow
03:16 Voodoo Lounge
03:42 Stronghold
04:35 Watch Tower
04:48 Watch Tower
04:50 Watch Tower
05:40 Orc Burrow
05:45 Orc Burrow
06:05 Watch Tower
06:07 Watch Tower
07:02 Beastiary
07:07 Beastiary
07:56 Watch Tower
07:58 Watch Tower
08:53 Great Hall
09:07 Fortress
17:07 Watch Tower
17:09 Watch Tower
17:12 Watch Tower
17:15 Watch Tower
17:24 Watch Tower
28:14 Great Hall
35:19 Barracks
38:01 Great Hall
38:21 Watch Tower
38:23 Watch Tower
38:25 Watch Tower
39:03 Watch Tower
39:52 Watch Tower
40:01 Watch Tower
40:03 Watch Tower
40:05 Watch Tower
40:06 Watch Tower
59:20 War Mill
» items
| Boots of Speed | 1 | |
| Orb of Lightning | 1 | |
| Healing Salve | 2 | |
| Scroll of Town Portal | 4 | |
| Potion of Lesser Invulnerability | 6 | |
| Lesser Clarity Potion | 3 | |
| Potion of Mana | 3 | |
| Potion of Healing | 1 | |
21 total
Chat log
(00:23 / Allies) Instruction: archer dott dryad
(06:14 / Allies) Instruction: green i cleared that for ya
(06:22 / Allies) 3er5yuhji: yay
(09:45 / Allies) IM_BAD_AT_THIS: can i ahve some wood oj?
(11:58 / Allies) IM_BAD_AT_THIS: oj
(12:00 / Allies) IM_BAD_AT_THIS: can i have some wood?
(12:01 / Allies) IM_BAD_AT_THIS: you have much
(12:28 / Allies) IM_BAD_AT_THIS: please oJ?
(13:07 / Allies) Instruction: pink is idiiot i see it all the time guys get more than 1 expo and never have units only tower their base
(13:16 / Allies) Instruction: we cant gt help if u just have towers noob
(13:25 / Allies) IM_BAD_AT_THIS: so does that mean you're going to pass some of your extra wood to me?
(13:40 / Allies) IM_BAD_AT_THIS: ty
(14:13 / Allies) IM_BAD_AT_THIS: red fiends
(15:08 / Allies) Instruction: none of u fucks have units?
(15:18 / Allies) Instruction: ok prp
(15:20 / Allies) Instruction: only u
(16:10 / Allies) IM_BAD_AT_THIS: oopsie
(16:27 / Allies) IM_BAD_AT_THIS: well i dealt a devastating blow to teal
(17:24 / Allies) Instruction: i would go savee that but if they all theie i die alone
(17:30 / Allies) Instruction: no help from u all
(17:38 / Allies) IM_BAD_AT_THIS: sorry
(20:22 / All) laxpacker32: bats are gay purp
(20:25 / All) IM_BAD_AT_THIS: ty
(20:51 / All) iLOVe2LOSehApPy: gg
(20:54 / All) IM_BAD_AT_THIS: gg
(21:02 / All) Oblivionxi: Wooow
(22:25 / All) Instruction: we got lucky all my team did is expo and build towers
(22:33 / All) IM_BAD_AT_THIS: and kill shit with bats :D
(22:37 / All) Instruction: pink still buildin towers in his main
(22:41 / All) Oblivionxi: Yeah..Dont see how that happened. I blame purple.
(22:45 / All) Instruction: no units
(23:10 / All) IM_BAD_AT_THIS: lol
(23:16 / All) Zelenka: pwned :D
(23:20 / All) IM_BAD_AT_THIS: got a bit cocky there :P
(23:42 / All) IM_BAD_AT_THIS: this was fun.
(25:14 / All) IM_BAD_AT_THIS: oh my!
(27:05 / Allies) IM_BAD_AT_THIS: we gonna attack at some point?
(27:14 / All) Oblivionxi: bring it!
(27:35 / All) 3er5yuhji: MEANY
(27:40 / All) Zelenka: :(
(28:56 / All) Oblivionxi: No.
(30:22 / All) IM_BAD_AT_THIS: man i really gotta start paying attention to waht's going on
(30:28 / All) Oblivionxi: lol
(30:35 / All) IM_BAD_AT_THIS: that's like the 10th time i've fed you my bm
(33:18 / All) Zelenka: yeah
(33:36 / Allies) IM_BAD_AT_THIS: should we attack?
(33:58 / All) Oblivionxi: So uh..
(35:34 / Allies) IM_BAD_AT_THIS: someone
(35:35 / Allies) IM_BAD_AT_THIS: get like
(35:35 / Allies) IM_BAD_AT_THIS: morts
(36:14 / All) Zelenka: lets make peace ;>
(36:27 / All) Oblivionxi: Epic match is epic.
(36:29 / All) IM_BAD_AT_THIS: u just gonna sit in there all day?
(36:39 / All) Zelenka: yep
(36:48 / All) Zelenka: i'm a big fat guy with no life after all :D
(36:51 / Allies) Instruction: hmm green and teal still no tanks or siege
(36:58 / Allies) Instruction: i mean pink
(37:05 / All) Oblivionxi: Someone needs to feed me a peon. All I lack is orc in my base.
(37:13 / All) Zelenka: :(
(37:13 / Allies) IM_BAD_AT_THIS: green has 11.5k gold
(37:31 / All) 3er5yuhji: I need it for safe keeping
(37:38 / Allies) Instruction: make som fuckin tanks dudes or i start killin bases
(37:42 / Allies) Instruction: i mean ours
(37:45 / Allies) IM_BAD_AT_THIS: i have some demoes
(37:52 / Allies) Instruction: no u\
(38:00 / Allies) Instruction: i cant make siege im maxed
(38:05 / Allies) Instruction: but those two can
(38:46 / All) IM_BAD_AT_THIS: taht's right, run back home!
(38:50 / All) Zelenka: :(
(39:26 / Allies) IM_BAD_AT_THIS: oj
(39:28 / Allies) IM_BAD_AT_THIS: help me take out red
(39:31 / Allies) IM_BAD_AT_THIS: ui have siege
(39:38 / Allies) IM_BAD_AT_THIS: just need units to back it unp
(39:40 / Allies) IM_BAD_AT_THIS: up*
(39:41 / Allies) IM_BAD_AT_THIS: ij?
(39:42 / Allies) IM_BAD_AT_THIS: ok?*
(40:44 / Allies) IM_BAD_AT_THIS: figth im
(42:08 / All) Oblivionxi: Red beat you lolwut?
(42:22 / Allies) Instruction: instead of helpin us green took out my base
(42:33 / Allies) IM_BAD_AT_THIS: oh
(42:39 / Allies) IM_BAD_AT_THIS: why man
(42:41 / Allies) IM_BAD_AT_THIS: we have this game
(42:42 / Allies) 3er5yuhji: shouldn't have team killed pink
(42:56 / Allies) IM_BAD_AT_THIS: we can still do this.
(43:00 / Allies) 3er5yuhji: you are cool purp
(43:00 / Allies) IM_BAD_AT_THIS: if we just band together
(43:09 / Allies) IM_BAD_AT_THIS: like we were originally meant to.
(43:17 / Allies) IM_BAD_AT_THIS: they're just a bunch a scardy cats hiding behind towers.
(43:25 / Allies) 3er5yuhji: it's easy to beat them
(43:30 / Allies) 3er5yuhji: but long games are fun
(43:35 / Allies) IM_BAD_AT_THIS: then lets finish this
(43:36 / Allies) 3er5yuhji: and funny
(44:22 / Allies) IM_BAD_AT_THIS: someone cover my siege
(44:25 / Allies) IM_BAD_AT_THIS: while i finish red?
(44:49 / Allies) IM_BAD_AT_THIS: pink
(44:50 / Allies) IM_BAD_AT_THIS: green
(44:53 / Allies) IM_BAD_AT_THIS: lets finish red
(44:55 / Allies) IM_BAD_AT_THIS: please?
(45:02 / Allies) 3er5yuhji: this is pretty fun
(45:08 / Allies) IM_BAD_AT_THIS: god damnit
(45:11 / Allies) IM_BAD_AT_THIS: they're just hiding behind towers
(45:12 / Allies) IM_BAD_AT_THIS: we got this easy
(45:19 / Allies) IM_BAD_AT_THIS: my siege just needs cover
(45:38 / All) Oblivionxi: Anyone sleepy yet?
(46:06 / Allies) IM_BAD_AT_THIS: now my siege dies
(46:09 / Allies) IM_BAD_AT_THIS: because you guys arne't helping
(47:53 / Allies) IM_BAD_AT_THIS: lets attack the enemy
(48:41 / Allies) IM_BAD_AT_THIS: god damnit gus
(48:46 / All) Instruction: ihope they win
(48:52 / All) Oblivionxi: lol
(48:56 / All) Oblivionxi: Someone tk for me.
(49:12 / All) Instruction: make plenty of fiends my team only has air
(49:18 / Allies) Instruction: fiens with web
(49:53 / Allies) IM_BAD_AT_THIS: why can't we just finish them...
(49:55 / Allies) IM_BAD_AT_THIS: seriously
(50:33 / All) Oblivionxi: Feck you
(51:07 / Allies) IM_BAD_AT_THIS: lets just finish red comon
(51:16 / Allies) IM_BAD_AT_THIS: he's right there
(51:18 / Allies) IM_BAD_AT_THIS: and he's vulnerable
(51:18 / Allies) IM_BAD_AT_THIS: omg
(52:46 / Allies) IM_BAD_AT_THIS: need someone to give my siege cover
(53:40 / All) Oblivionxi: Oh my at your gryphons
(54:04 / All) Oblivionxi: lol purple
(54:34 / Allies) IM_BAD_AT_THIS: someone wanna pass me some wood?
(54:56 / All) Oblivionxi: Surrender!
(54:59 / Allies) IM_BAD_AT_THIS: green maybe?
(55:05 / All) Zelenka: all your base are belong to usa
(55:15 / All) Zelenka: us*
(55:35 / All) IM_BAD_AT_THIS: you're just lucky that for the past hour my allies are just killing eachother while you guys mass who knows what behind towers.
(55:53 / All) Oblivionxi: :) They're actually tking>
(55:54 / Allies) Instruction: to bd they are broke or they could win
(55:56 / All) Oblivionxi: ?*
(56:10 / All) IM_BAD_AT_THIS: yep
(56:21 / All) Oblivionxi: Epic.
(56:35 / Allies) IM_BAD_AT_THIS: green or pink or oj can you pass me wood?
(57:24 / All) IM_BAD_AT_THIS: little by little!
(57:50 / All) Oblivionxi: You'll run out of gold eventually
(57:56 / All) IM_BAD_AT_THIS: you probably already have.
(58:04 / All) Oblivionxi: Oh..I did a looong time ago.
(58:22 / All) IM_BAD_AT_THIS: not too worried then.
(58:28 / All) Oblivionxi: Oh more siege?
(58:39 / All) IM_BAD_AT_THIS: maphackÉ
(58:41 / Allies) IM_BAD_AT_THIS: É
(58:44 / Allies) IM_BAD_AT_THIS: é
(58:47 / All) Oblivionxi: Sure.
(58:52 / All) IM_BAD_AT_THIS: that's lame
(58:53 / All) Oblivionxi: Im not UD or anything
(58:56 / All) IM_BAD_AT_THIS: oh
(58:57 / All) IM_BAD_AT_THIS: Ic
(58:58 / All) IM_BAD_AT_THIS: Lol
(59:03 / All) IM_BAD_AT_THIS: boy am i tired.
(61:08 / All) Oblivionxi: *cough*youreabitch*cough*
(61:14 / All) 3er5yuhji: =P
(61:24 / All) IM_BAD_AT_THIS: not much else to do really.
(61:51 / All) Oblivionxi: Victory!
(62:02 / Allies) IM_BAD_AT_THIS: so
(62:05 / Allies) IM_BAD_AT_THIS: you guys gonna help yet?
(62:07 / Allies) 3er5yuhji: it is time
(62:09 / Allies) IM_BAD_AT_THIS: ok
(62:11 / Allies) eourwpurerw: sure why not
(62:11 / Allies) IM_BAD_AT_THIS: siege on way to red
(62:21 / All) IM_BAD_AT_THIS: finally
(62:35 / All) Zelenka: NOOO
(62:39 / All) Oblivionxi: Feck
(62:49 / All) 3er5yuhji: just had to handle a small dispute with orange
(62:50 / All) Zelenka: just luck
(62:54 / All) IM_BAD_AT_THIS: small?
(62:59 / All) 3er5yuhji: very small
(63:00 / All) IM_BAD_AT_THIS: took twice as long as the actual game took.
(63:05 / All) 3er5yuhji: :D
(63:06 / All) Oblivionxi: lul
(63:27 / All) Oblivionxi: I dub thee base..The Alamo!
(63:42 / All) 3er5yuhji: MORE LIKE ALA-HOMO
(63:44 / All) 3er5yuhji: SEE WHAT I DID THERE
(63:52 / All) 3er5yuhji: I IMPLIED THAT YOU WERE OF THE HOMOSEXUAL ORIENTATION
(63:53 / All) Oblivionxi: LUL I C WUT U DID THAR
(63:59 / All) 3er5yuhji: YOU CAN'T RECOVER FROM SUCH A BURN
(64:32 / All) Oblivionxi: ..!..:)
(65:06 / All) Oblivionxi: Is pink even still here?
(65:11 / All) eourwpurerw: Yep
(66:32 / Allies) IM_BAD_AT_THIS: making more bats
(67:26 / All) 3er5yuhji: FIGHT ON WASTELAND WARRIOR
(67:51 / All) Zelenka: surrender now, and maybe your families will be spared ;>
(67:54 / All) Oblivionxi: They came from...behind..
(68:08 / All) Zelenka: gryphonhack!!
(68:10 / All) Oblivionxi: Curse you teamwork!!!
(68:15 / All) 3er5yuhji: MORE LIKE CAME....IN YOUR BEHIND
(68:19 / All) Zelenka: damn you all!!! O_o
(68:19 / All) 3er5yuhji: ONCE AGAIN ANOTHER HOMOSEXUAL PUN
(68:26 / All) Zelenka: just luck
(68:31 / All) Oblivionxi: GG? lol
(68:39 / All) 3er5yuhji: Not going to lie that was rather fun
(68:40 / All) Oblivionxi: I LIVE TO DIE ANOTHER DAY!!!
(68:41 / All) 3er5yuhji: thank you :)
(68:42 / All) Zelenka: :°°°°°°°°°°°°°°°°°°°°°°°°°(